 Dungeon Crawl Stone Soup version 0.30-a0-373-gd37427bb62 (webtiles) character file.

Game seed: 5605025383962909706

1533 Kingsmith the Cleaver (level 8, 0/59 (71) HPs)
             Began as a Minotaur Fighter on Nov 23, 2022.
             Was an Initiate of Okawaru.
             Slain by a wight
             ... wielding a +0 dire flail
              (7 damage)
             ... on level 4 of the Dungeon.
             The game lasted 00:10:42 (4645 turns).

Kingsmith the Cleaver (Minotaur Fighter)            Turns: 4645, Time: 00:10:42

HP:   0/59 (71)     AC:  7    Str: 23    XL:     8   Next: 55%
MP:   7/7           EV:  9    Int:  5    God:    Okawaru [......]
Gold: 346           SH:  5    Dex: 10    Spells: 7/7 levels left

rFire   . . .      SeeInvis .    x - +0 whip (elec)
rCold   + . .      Faith    .    c - +0 buckler
rNeg    . . .      Spirit   .    b - +0 scale mail
rPois   .          Reflect  .    (helmet restricted)
rElec   .          Harm     .    z - scarf {repulsion}
rCorr   .          Rampage  .    (no gloves)
Will    .....                    (no boots)
Stlth   ..........               (no amulet)
HPRegen 0.29/turn                j - ring of protection from cold
MPRegen 0.10/turn                (no ring)

@: heavily drained, repel missiles
A: horns 2, retaliatory headbutt, mutation resistance 1
a: Renounce Religion


You were on level 4 of the Dungeon.
You worshipped Okawaru.
Okawaru was noncommittal.
You visited 2 branches of the dungeon, and saw 7 of its levels.

You collected 360 gold pieces.
You spent 14 gold pieces at shops.

Inventory:

Hand Weapons
 a - a +0 war axe
 x - a +0 whip of electrocution (weapon)
Missiles
 q - 5 poisoned darts (quivered)
Armour
 b - a +0 scale mail (worn)
 c - a +0 buckler (worn)
 z - a scarf of repulsion (worn)
Jewellery
 j - a ring of protection from cold (left hand)
Wands
 p - a wand of flame (1)
 t - a wand of paralysis (4)
 y - a wand of polymorph (7)
Scrolls
 e - 2 scrolls of fear
 g - a scroll of brand weapon {unknown}
 h - a scroll of torment
 k - 2 scrolls of magic mapping
 l - 5 scrolls of identify
 o - 2 scrolls of blinking
 u - 2 scrolls of immolation {unknown}
 v - a scroll of acquirement {unknown}
 w - a scroll of enchant armour {unknown}
 A - a scroll of enchant weapon {unknown}
 B - a scroll of teleportation {unknown}
Potions
 d - 2 potions of might
 f - a potion of mutation
 m - 3 potions of curing
 n - a potion of brilliance {unknown}
 s - a potion of attraction {unknown}


   Skills:
 + Level 6.6 Fighting
 * Level 8.8 Axes
 + Level 6.8 Armour
 - Level 0.1 Dodging
 + Level 6.5 Shields


You had 7 spell levels left.
You didn't know any spells.
Your spell library contained the following spells:

 Spells                   Type           Power      Damage    Failure   Level
 Freeze                   Ice            0%         1d3       83%         1
 Frozen Ramparts          Ice            0%         1d1       99%         3
 Hailstorm                Conj/Ice       0%         3d3       99%         3
 Ignite Poison            Fire/Tmut/Pois 0%         N/A       99%         3
 Kindle Blastsparks       Fire/Tloc/Air  0%         2d10      99%         3
 Freezing Cloud           Conj/Ice/Air   0%         6-21      100%        5


Dungeon Overview and Level Annotations

Branches:
Dungeon (6/15)             Temple (1/1) D:5

Altars:
Ashenzari
Cheibriados
Fedhas
Gozag
Hepliaklqana
Makhleb
Nemelex Xobeh
Okawaru
Qazlal
Ru
Sif Muna
Uskayaw
Wu Jian
Xom
Yredelemnul
The Shining One

Shops:
D:1 =(([?   D:4 :

Annotations:
D:5 3 runed translucent doors, Stoves66's ghost, novice OpTm


Innate Abilities, Weirdness & Mutations

You have a pair of horns on your head.
You reflexively headbutt those who attack you in melee.
You are somewhat resistant to further mutation.


Message History

The wight barely misses you. You furiously retaliate!
You headbutt the wight, but do no damage.
You climb upwards.
Level annotation: 3 runed translucent doors, Stoves66's ghost, novice OpTm
There is a stone staircase leading down here.
The wight attacks as you move away! The wight hits you with a +6 dagger!
You feel drained.
* * * LOW HITPOINT WARNING * * *
You block the wight's attack.
You see here 6 stones.
The wight attacks as you move away! You block the wight's attack.
The wight hits you with a +0 dire flail!
* * * LOW HITPOINT WARNING * * *
You feel drained.
* * * LOW HITPOINT WARNING * * *
The wight hits you with a +3 hand axe.
* * * LOW HITPOINT WARNING * * *
You feel drained.
You feel better. The wight barely misses you. The wight closely misses you.
The wight hits you with a +3 hand axe.
* * * LOW HITPOINT WARNING * * *
The wight attacks as you move away! The wight hits you with a +6 dagger.
* * * LOW HITPOINT WARNING * * *
You feel drained.
* * * LOW HITPOINT WARNING * * *
The wight attacks as you move away! The wight barely misses you. x2
You furiously retaliate!
You headbutt the wight!
Okay, then.
Blink to where?
Press: ? - help, Dir - move target
As you read the scroll of blinking, it crumbles to dust.
There is a stone staircase leading up here.
There are monsters nearby!
The wight barely misses you.
You climb upwards.
There is a stone staircase leading down here.
You barely miss the wight.
The wight is almost destroyed.
The wight hits you with a +0 dire flail!
You die...

#.....#.# ###### #.....#.#
#.....'.# ##########...).###
#.......##.....#
#.......#####.#####
#........(#.......#
#####......!#.....#
#)....(@......#
##########.#....#z######
#..........######.## ######
#..........### #..### #.....
#............## ##...#######.....
#............'######.............
#...............# ##............
#...............# #............
#########.......# ##........###


You could see a wight.

Vanquished Creatures
  Edmund (D:5)
  An ice beast (D:6)
  An ogre (D:5)
  2 black bears
  2 phantoms (D:4)
  A bullfrog (D:6)
  4 scorpions
  A necrophage (D:4)
  A wight (D:5)
  4 hounds
  An orc priest (D:5)
  A jelly (D:5)
  6 iguanas
  Robin (D:3)
  7 adders
  A white imp (D:5)
  A worm (D:2)
  A dart slug (D:1)
  8 orcs
  10 endoplasms
  2 giant cockroaches
  7 hobgoblins
  4 jackals (D:3)
  5 quokkas
  6 ball pythons
  6 bats
  4 frilled lizards
  14 goblins
  8 kobolds
  7 rats
118 creatures vanquished.

Notes
Turn   | Place    | Note
-------+----------+-------------------------------------------
     0 | D:1      | Kingsmith the Minotaur Fighter began the quest for the Orb.
     0 | D:1      | Reached XP level 1. HP: 19/19 MP: 0/0
    35 | D:1      | Found Goackum's Antique Weapon Shoppe.
   171 | D:1      | Reached XP level 2. HP: 27/27 MP: 1/1
   231 | D:1      | Found Qoseibut's Magic Scroll Boutique.
   245 | D:1      | Bought a scroll of noise for 14 gold pieces
   337 | D:1      | Reached skill level 3 in Axes
   487 | D:1      | Found Hius's Antique Armour Emporium.
   565 | D:1      | Found Ikecie's Jewellery Shop.
   594 | D:1      | Found Peywnud's Weapon Boutique.
   707 | D:2      | Found a broken altar of Ashenzari.
   737 | D:2      | Reached XP level 3. HP: 29/33 MP: 2/2
   981 | D:2      | Reached skill level 4 in Axes
  1316 | D:3      | Reached XP level 4. HP: 40/40 MP: 3/3
  1333 | D:3      | Noticed Robin
  1397 | D:3      | Killed Robin
  1595 | D:3      | Reached skill level 5 in Axes
  1663 | D:3      | Reached XP level 5. HP: 46/46 MP: 4/4
  2093 | D:4      | Found a broken altar of Ashenzari.
  2152 | D:4      | Found Qehafeg's Tremendous Tomes.
  2239 | D:4      | Noticed a phantom
  2254 | D:4      | Killed a phantom
  2255 | D:4      | Reached XP level 6. HP: 42/53 MP: 5/5
  2339 | D:4      | Found a shimmering altar of Xom.
  2358 | D:4      | Found a sacrificial altar of Ru.
  2373 | D:4      | Reached skill level 6 in Axes
  2373 | D:4      | Reached skill level 5 in Armour
  2587 | D:4      | Found a blossoming altar of Fedhas.
  2995 | D:5      | Entered Level 5 of the Dungeon
  3003 | D:5      | Reached skill level 5 in Fighting
  3003 | D:5      | Reached skill level 5 in Shields
  3003 | D:5      | Reached XP level 7. HP: 35/61 MP: 6/6
  3281 | D:4      | Reached skill level 7 in Axes
  3575 | D:5      | Noticed Edmund
  3591 | D:5      | Killed Edmund
  3592 | D:5      | Reached XP level 8. HP: 70/70 MP: 7/7
  3745 | D:5      | Found a staircase to the Ecumenical Temple.
  3770 | Temple   | Entered the Ecumenical Temple
  3848 | Temple   | Became a worshipper of Warmaster Okawaru
  3915 | D:5      | Found a runed translucent gate.
  3915 | D:5      | Found a runed translucent gate.
  3915 | D:5      | Noticed Stoves66's ghost (novice OpTm)
  4042 | D:5      | Found a runed translucent gate.
  4124 | D:4      | Gained mutation: You are somewhat resistant to further
                  | mutation. [potion of mutation]
  4263 | D:6      | Reached skill level 8 in Axes
  4326 | D:6      | Found a stormy altar of Qazlal.
  4645 | D:4      | Slain by a wight

Illustrated notes

Levels and vault maps discovered:
D:1:      evilmike_arrival_plus, layout_basic, serial_shops, nicolae_shop_stone,
          shop_fountains, shop, nicolae_shop_waterfront, shop
D:2:      layout_loops_ring, basic_altar
D:3:      layout_basic, grunt_ministairs_13, uniq_robin
D:4:      layout_basic, old_standard_altar, lemuel_tele_altar,
          general_overflow_altar, ashenzari_altar_1,
          nicolae_shop_i_like_big_books
D:5:      layout_rooms, minmay_temple_entry_mini_moons,
          gammafunk_ghost_nasty_kobolds, supply_closet_lemuel, uniq_edmund
D:6:      layout_loops_ring, nicolae_qazlal_general_emergency, st_stairs_4,
          minmay_misc_feat_alley, serial_park_tiny_2
Temple:   jpeg_temple_clearing

Skill      XL: |  1  2  3  4  5  6  7  8 |
---------------+-------------------------+-----
Axes           | 3 4 5 6 7 8 |  8.8
Armour         | 4 5 6 |  6.8
Shields        | 4 5 6 |  6.5
Fighting       | 4 5 6 |  6.6
Dodging        | |  0.1

Action                   |  1- 3 |  4- 6 |  7- 9 || total
-------------------------+-------+-------+-------++-------
Melee: War axe           |    87 |    19 |       ||   106
       Headbutt          |     6 |    13 |    20 ||    39
       Spear             |       |   113 |       ||   113
       Flail             |       |     5 |    17 ||    22
       Whip              |       |       |   119 ||   119
  Use: Scroll            |       |       |     8 ||     8
       Potion            |       |       |     2 ||     2
Armor: Scale mail        |    33 |    49 |    36 ||   118
       Skin              |       |       |     4 ||     4
Dodge: Dodged            |    40 |    43 |    81 ||   164
       Repelled          |       |       |     2 ||     2
Block: Buckler           |    27 |    21 |    44 ||    92

Table legend: (Time is in decaauts)
 A = Elapsed time spent in this place.
 B = Non-inter-level travel time spent in this place.
 C = Inter-level travel time spent in this place.
 D = Time resting spent in this place.
 E = Time spent auto-exploring this place.
 F = Levels seen in this place.
 G = Mean time per level.
                   A        B        C        D        E       F      G
               +--------+--------+--------+--------+--------+-----+--------+
         Total |   4680 |   4335 |    345 |    759 |   2657 |   7 |  668.6 |
       Dungeon |   4562 |   4325 |    237 |    759 |   2657 |   6 |  760.3 |
        Temple |    117 |      9 |    108 |      0 |      0 |   1 |  117.0 |
               +--------+--------+--------+--------+--------+-----+--------+

Top non-repeatable levels by time:
     D:4: 1129 daAuts
     D:3: 851 daAuts
     D:5: 828 daAuts
     D:1: 701 daAuts
     D:2: 682 daAuts
     D:6: 369 daAuts
  Temple: 117 daAuts
